 Dungeon Crawl Stone Soup version 0.30-a0-292-g0f741e3f8e (webtiles) character file.

Game seed: 3532439578720291251

537 scionoferis the Ducker (level 7, -1/52 (54) HPs)
             Began as a Human Hexslinger on Oct 17, 2022.
             Slain by Crazy Yiuf
             ... wielding a +3 quarterstaff of chaos
              (10 damage)
             ... on level 2 of the Dungeon.
             The game lasted 00:10:02 (4035 turns).

scionoferis the Ducker (Human Hexslinger)           Turns: 4035, Time: 00:10:03

HP:   -1/52 (54)    AC:  2    Str: 10 (11) XL:     7   Next: 50%
MP:   0/11          EV: 13    Int: 13 (15) God:
Gold: 183           SH:  0    Dex: 11 (13) Spells: 12/13 levels left

rFire   . . .      SeeInvis .    a - +1 sling
rCold   . . .      Faith    .    (no shield)
rNeg    . . .      Spirit   +    c - +0 robe
rPois   .          Reflect  .    (no helmet)
rElec   .          Harm     .    (no cloak)
rCorr   .          Rampage  .    (no gloves)
Will    .....      Rage     3%   (no boots)
Stlth   +.........               r - amulet of guardian spirit
HPRegen 0.28/turn                (no ring)
MPRegen 0.12/turn                (no ring)

@: lightly drained
A: hooves 1, berserk 1, low MP 1
a: no special abilities


You were on level 2 of the Dungeon.
You visited 1 branch of the dungeon, and saw 3 of its levels.

You collected 183 gold pieces.

Inventory:

Hand Weapons
 a - a +1 sling (weapon)
 b - a +0 mace of protection
Missiles
 m - 7 poisoned darts
 q - 2 boomerangs
Armour
 c - a +0 robe (worn)
 n - a +0 ring mail
Jewellery
 r - an amulet of guardian spirit (around neck)
Scrolls
 d - 3 scrolls of identify {unknown}
 g - a scroll of magic mapping {unknown}
 h - 3 scrolls of poison
 k - 2 scrolls of enchant armour {unknown}
 l - 3 scrolls of teleportation {unknown}
 o - a scroll of noise {unknown}
 p - a scroll of immolation {unknown}
 s - a scroll of summoning {unknown}
 u - a scroll of blinking {unknown}
 v - a scroll of torment {unknown}
Potions
 e - a potion of curing
 f - a potion of brilliance


   Skills:
 + Level 4.3 Fighting
 - Level 2.0 Ranged Weapons
 + Level 4.6 Dodging
 + Level 3.9 Spellcasting
 - Level 3.0 Hexes


You had 12 spell levels left.
You knew the following spells:

 Your Spells              Type           Power      Damage    Failure   Level
a - Slow                  Hex            40%        N/A       6%          1

Your spell library contained the following spells:

 Spells                   Type           Power      Damage    Failure   Level
 Inner Flame              Hex/Fire       6%         N/A       34%         3
 Portal Projectile        Hex/Tloc       12%        N/A       34%         3
 Cause Fear               Hex            5%         N/A       52%         4
 Olgreb's Toxic Radiance  Pois           2%         N/A       91%         4
 Ozocubu's Refrigeration  Ice            1%         4d7       100%        7
 Ignition                 Fire           1%         3d3       100%        8


Dungeon Overview and Level Annotations

Branches:
Dungeon (3/15)

Altars:

Annotations:
D:2 Crazy Yiuf


Innate Abilities, Weirdness & Mutations

You have large cloven feet.
You sometimes lose your temper in combat.
Your magical capacity is low. (-10% MP)


Message History

Crazy Yiuf is severely wounded.
Crazy Yiuf laughs, "Aardvark!"
Crazy Yiuf hits you with a +3 quarterstaff of chaos!
You are too injured to fight recklessly!
You are too injured to fight recklessly!
You are too injured to fight recklessly!
You are too injured to fight recklessly!
You are too injured to fight recklessly!
Fire: a) +1 sling
Press: ? - help, Q - select action, (/) - cycle Shift-Dir - straight line, f/p - Crazy Yiuf
Aim: Crazy Yiuf, wielding a +3 quarterstaff of chaos and wearing a +0 cloak (severely wounded, 61% to hit)
You shoot a sling bullet.
The sling bullet closely misses Crazy Yiuf.
Crazy Yiuf hits you with a +3 quarterstaff of chaos!
Crazy Yiuf freezes you. Crazy Yiuf closely misses you.
Unknown command.
Fire: a) +1 sling
Press: ? - help, Q - select action, (/) - cycle Shift-Dir - straight line, f/p - Crazy Yiuf
Aim: Crazy Yiuf, wielding a +3 quarterstaff of chaos and wearing a +0 cloak (severely wounded, 61% to hit)
You shoot a sling bullet. The sling bullet hits Crazy Yiuf.
Crazy Yiuf is almost dead.
Crazy Yiuf hits you with a +3 quarterstaff of chaos!
* * * LOW HITPOINT WARNING * * *
You are lethally poisoned!
Fire: a) +1 sling
Press: ? - help, Q - select action, (/) - cycle Shift-Dir - straight line, f/p - Crazy Yiuf
Aim: Crazy Yiuf, wielding a +3 quarterstaff of chaos and wearing a +0 cloak (almost dead, 61% to hit)
You shoot a sling bullet.
The sling bullet barely misses Crazy Yiuf.
* * * LOW HITPOINT WARNING * * *
You feel very sick. Crazy Yiuf completely misses you.
You feel better. Crazy Yiuf misses you.
Fire: a) +1 sling
Press: ? - help, Q - select action, (/) - cycle Shift-Dir - straight line, f/p - Crazy Yiuf
Aim: Crazy Yiuf, wielding a +3 quarterstaff of chaos and wearing a +0 cloak (almost dead, 61% to hit)
You shoot a sling bullet.
The sling bullet closely misses Crazy Yiuf.
Crazy Yiuf hits you with a +3 quarterstaff of chaos!
You die...

#########..#####.#### #..#
#.# #..#####.# ##########
#........# # #........#
##.####### # #.######.#
#.# # #.# ####.# #.# #
#.###.##.######.##########
#.##.....@g...........#...
#.###.##.#####........#<##
#........# #.............
#####.#### ##........#.##
#.# ##.#.....#.## #.#
#(#######... #.# #.# #.##
#.# ##+## #.## #.# ##...##
#.##


You could see Crazy Yiuf.

Vanquished Creatures
  Grinder (D:3)
  Sigmund (D:3)
  Jessica (D:3)
  A gnoll (D:3)
  4 adders
  An ufetubus (D:3)
  A worm (D:2)
  6 dart slugs
  9 orcs (D:3)
  7 ball pythons
  9 endoplasms
  3 giant cockroaches
  6 goblins
  8 hobgoblins
  4 jackals
  7 kobolds
  2 quokkas
  5 bats
  3 frilled lizards
79 creatures vanquished.

Notes
Turn   | Place    | Note
-------+----------+-------------------------------------------
     0 | D:1      | scionoferis the Human Hexslinger began the quest for the
                  | Orb.
     0 | D:1      | Reached XP level 1. HP: 15/15 MP: 2/2
   195 | D:1      | Reached XP level 2. HP: 21/21 MP: 3/3
   695 | D:1      | Reached XP level 3. HP: 18/26 MP: 5/5
  1234 | D:2      | Reached XP level 4. HP: 33/33 MP: 5/7
  1451 | D:2      | Found a runed translucent door.
  1452 | D:2      | Noticed Crazy Yiuf
  1660 | D:2      | Found a faded altar of an unknown god.
  2240 | D:3      | Noticed Sigmund
  2271 | D:3      | Killed Sigmund
  2272 | D:3      | Reached XP level 5. HP: 41/41 MP: 7/9
  2272 | D:3      | Reached XP level 6. HP: 47/47 MP: 7/10
  2771 | D:3      | Noticed Grinder
  2796 | D:3      | Gained mutation: You have large cloven feet. [potion of
                  | mutation]
  2796 | D:3      | Gained mutation: Your magical capacity is low. (-10% MP)
                  | [potion of mutation]
  2796 | D:3      | Gained mutation: You sometimes lose your temper in combat.
                  | [potion of mutation]
  2802 | D:3      | Paralysed by Grinder for 3 turns
  2825 | D:3      | Killed Grinder
  2826 | D:3      | Reached XP level 7. HP: 15/54 MP: 2/11
  2990 | D:3      | Noticed Jessica
  2996 | D:3      | Killed Jessica
  4033 | D:2      | HP: 2/52 [poisoned by Crazy Yiuf]
  4035 | D:2      | Slain by Crazy Yiuf

Illustrated notes

Levels and vault maps discovered:
D:1:      minmay_arrival_glassed_features, layout_basic
D:2:      layout_loops_corners, basic_ecumenical_altar, serial_glass,
          glass_columns_b, glass_columns_a, glass_columns_a, glass_columns_b,
          glass_columns_a, uniq_crazy_yiuf_cottage
D:3:      minmay_recursive_quarters, layout_loops_ring,
          chequers_serial_rivers_room_a, uniq_jessica, uniq_grinder,
          uniq_sigmund

Skill      XL: |  1  2  3  4  5  6 |
---------------+-------------------+-----
Fighting       | 2 3 4 |  4.3
Spellcasting   | 2 3 |  3.9
Dodging        | 3 4 |  4.6
Ranged Weapons | |  2.0
Hexes          | |  3.0

Action                   |  1- 3 |  4- 6 |  7- 9 || total
-------------------------+-------+-------+-------++-------
 Fire: Sling             |   125 |   158 |    86 ||   369
 Cast: Slow              |     3 |     8 |    14 ||    25
  Use: Potion            |       |     7 |     2 ||     9
       Scroll            |       |     1 |     1 ||     2
Armor: Robe              |     9 |     8 |    14 ||    31
       Skin              |       |     3 |     7 ||    10
Dodge: Dodged            |    54 |    60 |    40 ||   154

Table legend: (Time is in decaauts)
 A = Elapsed time spent in this place.
 B = Non-inter-level travel time spent in this place.
 C = Inter-level travel time spent in this place.
 D = Time resting spent in this place.
 E = Time spent auto-exploring this place.
 F = Levels seen in this place.
 G = Mean time per level.
                   A        B        C        D        E       F      G
               +--------+--------+--------+--------+--------+-----+--------+
         Total |   4147 |   3825 |    322 |    294 |   2683 |   3 | 1382.3 |
       Dungeon |   4147 |   3825 |    322 |    294 |   2683 |   3 | 1382.3 |
               +--------+--------+--------+--------+--------+-----+--------+

Top non-repeatable levels by time:
     D:2: 1487 daAuts
     D:3: 1464 daAuts
     D:1: 1195 daAuts
